Greig, chaotic male vampiric Wizard ------- ---|..|...| |..|......| --.......|.| ---- |......--|.| |^*| --.....- |..## --..-- ---.... |.|# |)((.- |....--..--- ---..... |.......|-.--- |^.......--- |.[..........- |.--.......| ----.--....)..).. |.| --.....| |..........[<-... |.| |...^-- |..|......--...| |.| |0... ---|.--....|--)---|.| ---- |....--.| |...||.| ---qq------ ---[--.| |...@-- |.)..-- --....| ---...| ------ --.-- --- Greig the Thaumaturge Experience level: 6 Strength: 11 Dexterity: 11 Constitution: 17 Intelligence: 20 Wisdom: 11 Charisma: 9 Health: 0(50) Energy: 70(70) AC: 6 Gold: 529 Moves: 3031 Your Inventory: Coins $ - 529 gold pieces Weapons a - a blessed +1 quarterstaff (weapon in hands) u - an [uncursed +0] spear Armor H - an [uncursed] +0 pair of hard shoes [iron] (being worn) I - an [uncursed] +0 hard hat [dwarvish iron helm] (being worn) Comestibles t - 2 [uncursed] pancakes Spellbooks l - a blessed spellbook of force bolt m - an uncursed spellbook of wizard lock F - an [uncursed] spellbook of detect food Potions f - an uncursed potion of paralysis Rings d - a blessed +2 ring of gain intelligence (on right hand) e - an uncursed ring of invisibility v - an uncursed ring of conflict Wands c - an uncursed wand of digging (0:2) n - an uncursed wand of cancellation (0:3) s - an [uncursed] wand of cold [0:7] y - an [uncursed] copper wand [of opening (0:4)] A - a blessed wand of make invisible (0:5) Tools o - an uncursed magic flute (0:4) r - an uncursed mirror Gems p - an [uncursed] violet gem [worthless glass] w - an [uncursed] black gem [worthless glass] B - an uncursed diamond J - an [uncursed] green gem [worthless glass] Spells known in the end: Name Level Category Fail Memory a - force bolt 1 attack 3% [|||||||.] b - wizard lock 2 matter 58% [|||||||.] c - detect food 2 divination 58% [||||||||] Your skills at the end: Fighting Skills Weapon Skills quarterstaff [Basic / Expert] Spellcasting Skills attack spells [Basic / Expert] enchantment spells [Basic / Skilled] Final Attributes: You were piously aligned. Hunger level was 342. Your alignment was 24 / 25. Monster difficulty range was 0 - 5. Level difficulty was 5. You were immune to level-drain. You could fly. You could survive without air. You regenerated. Your luck was zero. You are dead. Vanquished creatures: a small mimic a dog a rock piercer a rock mole 2 gnome lords a kobold mummy a floating eye 2 dwarves 2 homunculi a rothe 4 dwarf zombies an iguana 4 coyotes 2 hobbits a hobgoblin a giant rat a yellow mold a red mold 9 gnomes a gnome zombie 4 geckos 2 jackals a fox a goblin 2 sewer rats 5 grid bugs a bat 5 lichens 5 kobold zombies 3 newts 67 creatures vanquished. Voluntary challenges: You used a wielded weapon 35 times. You read items or engraved 9 times. You put on armor 3 times. You never genocided any monsters. You never polymorphed an object. You never changed form. You used 1 wish. You did not wish for any artifacts. You never wrote Elbereth's name. You never encountered a bones level. You never used any Sokoban shortcuts. Dungeon overview: The Dungeons of Doom: levels 1 to 4 Level 1 a long staircase Level 2 a sink Level 4 a scroll shop stairs to The Gnomish Mines The Gnomish Mines: Level 5 <- You were here stairs to The Dungeons of Doom History has recorded: On T:1 you entered the Dungeons of Doom to retrieve the Amulet of Yendor! On T:695 you reached level 2 of The Dungeons of Doom. On T:780 you advanced to experience level 2. On T:1105 you advanced to experience level 3. On T:1143 you reached level 3 of The Dungeons of Doom. On T:1467 you reached level 4 of The Dungeons of Doom. On T:1555 you wished for "Diamond". On T:1619 you advanced to experience level 4. On T:1681 you advanced to experience level 5. On T:2631 you advanced to experience level 6. On T:2702 you reached level 1 of The Gnomish Mines. Latest messages: You see here a dagger. You displaced your jackal. (2x) $ - 97 gold pieces. You hear some noises. You hear some noises in the distance. (2x) The rothe just misses! The rothe bites! (2x) [HP-10=40] You hear some noises in the distance. [HP+1=41] The rothe hits! The rothe bites! (2x) The rothe hits! The rothe bites! (2x) [HP-20=21] The rothe hits! The rothe bites! (2x) The rothe hits! The rothe bites! (2x) [HP-14=7] The rothe misses. (2x) The rothe bites! You die... Final status: Goodbye Greig the Wizard... You died in The Gnomish Mines on dungeon level 5 with 2023 points, and 529 pieces of gold, after 3031 moves. You were level 6 with a maximum of 50 hit points when you died.